 Dungeon Crawl Stone Soup version 0.13-a0-1660-ga2b9f94 (webtiles) character file.

188 M4edhros the Sneak (level 4, -2/29 HPs)
             Began as an Octopode Artificer on June 18, 2013.
             Slain by an ogre
             ... wielding a +0,+0 giant club
              (18 damage)
             ... on Level 3 of the Dungeon.
             The game lasted 00:02:51 (1035 turns).

M4edhros the Sneak (Octopode Artificer)             Turns: 1035, Time: 00:02:51

HP  -2/29        AC  7     Str 10      XL: 4   Next: 37%
MP   2/2         EV  8     Int 15      God:
Gold 109         SH 22     Dex 12      Spells:  0 memorised,  3 levels left

Res.Fire  : x . .   See Invis. : .   q - +1,+4 short sword (antimagic)
Res.Cold  : + . .   Warding    : .   g - +0 large shield (curse)
Life Prot.: . . .   Conserve   : .   (helmet restricted)
Res.Poison: .       Res.Corr.  : .   (no amulet)
Res.Elec. : +       Clarity    : .   e - ring of ice
Sust.Abil.: . .     Spirit.Shd : .   (no ring)
Res.Mut.  : .       Stasis     : .   (no ring)
Res.Rott. : .       Flight     : .   (no ring)
Saprovore : . . .                    (no ring)
                                     (no ring)
                                     (no ring)
                                     (no ring)

@: slightly resistant to hostile enchantments, quite stealthy
A: almost no armour, amphibious, 8 rings, constrict 8, camouflage 1, electricity
resistance, AC +7
a: no special abilities


You were on level 3 of the Dungeon.
You were hungry.

You visited 1 branch of the dungeon, and saw 3 of its levels.

You collected 89 gold pieces.

Inventory:

Hand weapons
 a - a +0,+0 short sword
 o - a +0,+0 sling
 q - a +1,+4 anti-magic short sword (weapon)
Missiles
 p - 8 stones (quivered)
 t - 28 sling bullets
Armour
 g - a cursed +0 large shield (worn)
Magical devices
 b - a wand of flame (15)
 c - a wand of enslavement (13)
 d - a wand of random effects (15)
Comestibles
 f - 2 bread rations
 i - a choko
 j - a meat ration
 l - a pear
Scrolls
 h - 3 scrolls of remove curse {unknown}
 k - 2 scrolls of identify {unknown}
 r - a scroll of noise {unknown}
 s - a scroll of fog {unknown}
Jewellery
 e - a ring of ice (left tentacle)
Potions
 m - a potion of poison {unknown}
 u - a potion of resistance {unknown}
Books
 n - a book of Wizardry

   Spells                             Type                      Level
   Summon Elemental                   Summoning                    4
   Agony                              Necromancy                   5
   Lightning Bolt                     Conjuration/Air              5
   Fireball                           Conjuration/Fire             5
   Haste                              Charms                       6
   Invisibility                       Hexes                        6


   Skills:
 - Level 1.0 Fighting
 - Level 1.0 Short Blades
 + Level 3.1 Dodging
 + Level 3.3 Stealth
 + Level 2.0 Shields
 - Level 2.1 Traps
 - Level 3.2 Evocations


You had 3 spell levels left.
You didn't know any spells.

Dungeon Overview and Level Annotations

Branches:
Dungeon (3/27)

Altars:
Ashenzari


Innate Abilities, Weirdness & Mutations

You cannot wear most types of armour.
You are amphibious.
You can wear up to eight rings at the same time.
You can use your tentacles to constrict many enemies at once.
Your skin changes colour to match your surroundings (Stlth).
Your rubbery body absorbs attacks (AC +1).
You are partially covered in iridescent scales (AC +4).
You are partially covered in yellow scales (AC +2).
You are resistant to electric shocks.


Message History

The orc barely misses you. You block the orc's attack.
You hit the orc. You grab the orc. You squeeze the orc.
You kill the orc!
You hit the ogre.
The ogre is lightly wounded.
You are feeling hungry.
The ogre hits you with a giant club!
Evoke which item? (* to show all) (? for menu, Esc to quit)
Zapping:
c - a wand of enslavement (15)
Press: ? - help, Shift-Dir - straight line, f - ogre
Aim: an ogre, wielding a giant club (lightly wounded)
The ogre easily resists.
This wand has 14 charges left.
Evoke which item? (* to show all) (? for menu, Esc to quit)
Zapping:
c - a wand of enslavement (14)
Press: ? - help, Shift-Dir - straight line, f/p - ogre
Aim: an ogre, wielding a giant club (lightly wounded)
The ogre easily resists.
This wand has 13 charges left.
The ogre hits you with a giant club!
Ouch! That really hurt!
You die...

#### ..># [..###
#####..... #
....... ...
#######...##...#.
........<........
....###.@........
#)%O#######
#.<... ........
.#.....#...
..#.##### . .. #.
. #. .


You could see an ogre.

Vanquished Creatures
  2 adders (D:2)
  3 giant geckos (D:2)
  3 orcs (D:3)
  3 ball pythons
  7 bats
  A giant cockroach (D:1)
  6 hobgoblins
  A quokka (D:2)
  4 giant newts
  7 goblins
  3 jackals (D:2)
  5 kobolds
  8 rats
53 creatures vanquished.

Notes
Turn   | Place    | Note
--------------------------------------------------------------
     0 | D:1      | M4edhros, the Octopode Artificer, began the quest for the Orb.
     0 | D:1      | Reached XP level 1. HP: 14/14 MP: 1/1
   191 | D:1      | Reached XP level 2. HP: 16/19 MP: 3/3
   343 | D:1      | Gained mutation: You are partially covered in yellow scales (AC +2). [potion of mutation]
   343 | D:1      | Gained mutation: You are resistant to electric shocks. [potion of mutation]
   343 | D:1      | Gained mutation: You are partially covered in iridescent scales (AC +4). [potion of mutation]
   350 | D:1      | Reached skill level 1 in Shields
   518 | D:2      | Reached XP level 3. HP: 21/24 MP: 4/4
   772 | D:2      | Reached XP level 4. HP: 29/29 MP: 2/6
   822 | D:2      | Found a shattered altar of Ashenzari.
   827 | D:2      | Saw a vision of the Swamp and the Spider Nest.
   827 | D:2      | Noticed a redback
   827 | D:2      | Noticed a redback
   827 | D:2      | Noticed an alligator
   827 | D:2      | Noticed a giant amoeba
   827 | D:2      | Noticed an alligator
   829 | D:2      | Noticed a redback
   832 | D:2      | Noticed a water moccasin
  1030 | D:3      | Noticed an ogre
  1035 | D:3      | Slain by an ogre

Action                   |  1- 3 |  4- 6 || total
-------------------------+-------+-------++-------
Melee: Short sword       |    73 |    29 ||   102
Evoke: Wand              |       |     2 ||     2
  Use: Potion            |     2 |       ||     2
 Stab: Sleeping          |     7 |     2 ||     9
